Map: Frozen Temple

Players

Miszu

  • Race: Terran Terran
  • League: Master

ArcC - Winner!

  • Race: Terran Terran
  • League: Grandmaster

VOD

Have the link to the VOD?

Description

Time

  • Played on: April 20, 2016, 3:44 p.m.
  • Length: 6:54
Show
View Real Time Build Order
Export as new Build Order

Miszu Terran 

Build Orders: 1/1/1 

Get SALT Encoding   

  12  0:00  SCV  
  13  0:12  SCV  
  14  0:18  Supply Depot  
  14  0:25  SCV  
  15  0:39  SCV  
  15  0:40  Barracks  
  16  0:45  Refinery  
  16  0:51  SCV  
  17  1:02  Refinery  
  17  1:03  SCV  
  18  1:15  SCV  
  19  1:28  Orbital Command  
  19  1:29  Marine  
  20  1:35  Factory  
  20  1:44  Supply Depot  
  20  1:47  Marine  
  21  1:54  SCV  
  22  2:05  Marine  
  22  2:06  SCV  
  24  2:13  Supply Depot  
  24  2:18  SCV  
  25  2:23  Marine  
  25  2:25  Starport  
  25  2:28  Factory Tech Lab  
  26  2:34  SCV  
  27  2:40  Supply Depot  
  27  2:41  Marine  
  28  2:46  SCV  
  29  2:54  Factory Reactor  
  29  2:58  Marine, SCV  
  31  3:10  SCV  
  32  3:13  Raven  
  32  3:16  Marine  
  35  3:21  Supply Depot  
  35  3:26  SCV  
  36  3:37  Command Center  
  36  3:39  SCV  
  37  3:47  Marine x2  
  39  3:51  SCV  
  40  3:59  Siege Tank  
  42  4:07  Marine x2  
  43  4:17  SCV  
  37  4:25  Marine x2  
  37  4:29  SCV  
  37  4:30  Viking  
  35  4:31  Siege Tank  
  32  4:41  SCV  
  32  4:43  Marine x2  
  27  4:53  SCV  
  28  5:00  Medivac  
  28  5:05  SCV  
  27  5:09  Marine  
  27  5:10  Siege Tank  
  29  5:16  Marine  
  29  5:17  SCV  
  31  5:27  Marine  
  32  5:29  SCV  
  32  5:30  Medivac  
  32  5:34  Marine  
  36  5:41  SCV  
  37  5:43  Siege Tank  
  40  5:52  Marine  
  40  5:53  SCV  
  42  6:06  Marine, SCV  
  44  6:18  SCV  
  45  6:22  Marine  
  45  6:23  Marine  
  50  6:30  SCV  
Show
View Real Time Build Order
Export as new Build Order

ArcC Terran - Winner!

Build Orders: 1/1/1 

Get SALT Encoding   

  12  0:00  SCV  
  13  0:12  SCV  
  14  0:17  Supply Depot  
  14  0:25  SCV  
  15  0:31  Refinery  
  15  0:39  SCV  
  16  0:45  Barracks  
  16  0:51  SCV  
  17  0:57  Refinery  
  17  1:03  SCV  
  18  1:15  SCV  
  19  1:33  Factory, Orbital Command  
  19  1:39  Reaper  
  20  1:50  Supply Depot  
  20  2:00  SCV  
  21  2:11  Reaper  
  21  2:12  SCV  
  23  2:19  Starport  
  23  2:22  Hellion  
  25  2:24  SCV  
  26  2:30  Supply Depot  
  26  2:36  SCV  
  27  2:43  Reaper  
  30  2:44  Hellion  
  30  2:49  SCV  
  31  2:56  Medivac  
  33  3:01  SCV  
  35  3:05  Hellion  
  35  3:13  SCV  
  35  3:15  Reaper  
  37  3:22  Supply Depot  
  39  3:27  Hellion  
  39  3:44  Viking  
  39  3:48  Command Center  
  41  3:53  Barracks Reactor, Factory Tech Lab  
  41  4:08  SCV  
  42  4:15  Barracks x2  
  40  4:25  Siege Tank  
  40  4:29  SCV  
  42  4:41  SCV  
  40  4:48  Marine x2  
  42  4:53  SCV  
  42  4:58  Siege Tank  
  46  5:05  SCV  
  46  5:11  Marine x2  
  46  5:13  Orbital Command  
  45  5:15  Barracks Tech Lab x2  
  45  5:18  SCV  
  46  5:28  Viking  
  48  5:30  Marine x2, SCV  
  51  5:36  Siege Tank  
  51  5:40  SCV  
  51  5:42  SCV  
  56  5:44  Supply Depot  
  56  5:52  SCV  
  56  5:54  SCV  
  56  5:56  Engineering Bay  
  58  5:57  Marine x2  
  58  5:59  Marine  
  58  6:01  Marine  
  62  6:06  SCV x2  
  62  6:09  Supply Depot  
  62  6:10  Refinery  
  62  6:11  Starport Reactor  
  64  6:15  Marine  
  64  6:18  SCV  
  66  6:22  Marine, Siege Tank  
  66  6:25  Supply Depot  
  70  6:31  Marine x2, SCV  
  73  6:33  Marine  
Tags
 
Add a new tag
Caveats
  • Supply blocks, unpowered buildings, or Contaminate may cause inaccurate times.
  • Supply counts are checked every 10 seconds.